SL
CAPITAL DISTRICT RED KNIGHTS @ VANCOUVER GREY WOLVES
08/15/2021
 
TOP OF THE 1ST
Capital District Red Knights batting - Pitching for Vancouver Grey Wolves : RHP Michael Battle
Pitching: RHP Michael Battle
Batting: RHB Louis Henderson 0-0: Ball
1-0: Called Strike
1-1: Swinging Strike
1-2: Strikes out swinging
Batting: RHB Chang-bum Pak 0-0: Ball
1-0: Foul Ball, location: 2F
1-1: Ground out 6-3 (Groundball, 6)
Batting: LHB Leonardo López 0-0: Ball
1-0: Called Strike
1-1: Fly out, F9 (Flyball, 89D)
Top of the 1st over - 0 run(s), 0 hit(s), 0 error(s), 0 left on base; Capital District 0 - Vancouver 0
BOTTOM OF THE 1ST
Vancouver Grey Wolves batting - Pitching for Capital District Red Knights : RHP Héctor Alarcon
Pitching: RHP Héctor Alarcon
Batting: SHB Gregg Wagner 0-0: Fly out, F7 (Flyball, 7S)
Batting: SHB Todd Schenkel 0-0: Ball
1-0: Ball
2-0: Called Strike
2-1: Called Strike
2-2: Strikes out looking
Batting: LHB Timmy Appeldoorn 0-0: Swinging Strike
0-1: Ball
1-1: Ball
2-1: Ball
3-1: Ground out 6-3 (Groundball, 6M)
Bottom of the 1st over - 0 run(s), 0 hit(s), 0 error(s), 0 left on base; Capital District 0 - Vancouver 0
TOP OF THE 2ND
Capital District Red Knights batting - Pitching for Vancouver Grey Wolves : RHP Michael Battle
Batting: RHB Daniel Lallanilla 0-0: Ball
1-0: Fly out, F6 (Line Drive, 56)
Batting: LHB Stan Lewis 0-0: Ball
1-0: Called Strike
1-1: Called Strike
1-2: Ball
2-2: Foul Ball, location: 2F
2-2: Ground out 1-3 (Groundball, 15)
Batting: RHB Manny Carbajal 0-0: Ball
1-0: Ground out 5-3 (Groundball, 5L)
Top of the 2nd over - 0 run(s), 0 hit(s), 0 error(s), 0 left on base; Capital District 0 - Vancouver 0
BOTTOM OF THE 2ND
Vancouver Grey Wolves batting - Pitching for Capital District Red Knights : RHP Héctor Alarcon
Batting: LHB David Hubbard 0-0: Foul Ball, location: 2F
0-1: Ball
1-1: Ball
2-1: Foul Ball, location: 2F
2-2: Ball
3-2: Strikes out swinging
Batting: RHB Luis Muñóz 0-0: Foul Ball, location: 2F
0-1: Ball
1-1: SINGLE (Flyball, 9S)
Batting: RHB Edmund Gallagher 0-0: Ball
1-0: SINGLE (Flyball, 89S)
Luis Muñóz to second
Batting: LHB Tony Reynolds 0-0: Ball
1-0: Fly out, F7 (Flyball, 78XD)
Runner from 2nd tags up, SAFE at 3rd, no throw
Batting: RHB John Huff 0-0: Fly out, F5 (Popup, 15)
Bottom of the 2nd over - 0 run(s), 2 hit(s), 0 error(s), 2 left on base; Capital District 0 - Vancouver 0
TOP OF THE 3RD
Capital District Red Knights batting - Pitching for Vancouver Grey Wolves : RHP Michael Battle
Batting: RHB Jorge Torrez 0-0: Ball
1-0: Ground out 4-3 (Groundball, 4M)
Batting: RHB Martin Young 0-0: Ball
1-0: Swinging Strike
1-1: Called Strike
1-2: Ball
2-2: Strikes out swinging
Batting: RHB Lane Rich 0-0: Swinging Strike
0-1: Foul Ball, location: 2F
0-2: Ball
1-2: Ball
2-2: Ball
3-2: Strikes out swinging
Top of the 3rd over - 0 run(s), 0 hit(s), 0 error(s), 0 left on base; Capital District 0 - Vancouver 0
BOTTOM OF THE 3RD
Vancouver Grey Wolves batting - Pitching for Capital District Red Knights : RHP Héctor Alarcon
Batting: RHB Ramón Cabral 0-0: Ball
1-0: Foul Ball, location: 2F
1-1: Fly out, F4 (Line Drive, 4)
Batting: SHB Gregg Wagner 0-0: Called Strike
0-1: Fly out, F7 (Flyball, 78XD)
Batting: SHB Todd Schenkel 0-0: Called Strike
0-1: Ball
1-1: Ground out 1-3 (Groundball, 13S)
Bottom of the 3rd over - 0 run(s), 0 hit(s), 0 error(s), 0 left on base; Capital District 0 - Vancouver 0
TOP OF THE 4TH
Capital District Red Knights batting - Pitching for Vancouver Grey Wolves : RHP Michael Battle
Batting: RHB Louis Henderson 0-0: Ball
1-0: Ball
2-0: Ball
3-0: Called Strike
3-1: Foul Ball, location: 2F
3-2: Foul Ball, location: 2F
3-2: Base on Balls
Batting: RHB Chang-bum Pak 0-0: Grounds into double play, 1-6-3 (Groundball, 23)
Batting: LHB Leonardo López 0-0: Called Strike
0-1: Ball
1-1: Ball
2-1: Fly out, F5 (Flyball, 78S)
Top of the 4th over - 0 run(s), 0 hit(s), 0 error(s), 0 left on base; Capital District 0 - Vancouver 0
BOTTOM OF THE 4TH
Vancouver Grey Wolves batting - Pitching for Capital District Red Knights : RHP Héctor Alarcon
Batting: LHB Timmy Appeldoorn 0-0: Ball
1-0: Called Strike
1-1: Ball
2-1: Ball
3-1: Called Strike
3-2: Fly out, F8 (Flyball, 89D)
Batting: LHB David Hubbard 0-0: Foul Ball, location: 2F
0-1: Ball
1-1: Ball
2-1: Ball
3-1: Base on Balls
Batting: RHB Luis Muñóz 0-0: Called Strike
0-1: Ball
1-1: Swinging Strike
1-2: Strikes out swinging
Batting: RHB Edmund Gallagher 0-0: Ball
1-0: DOUBLE (Line Drive, 5D)
David Hubbard to third
Runner from 3rd tries for Home, SAFE, no throw or cutoff
Batting: LHB Tony Reynolds 0-0: Ball
1-0: Called Strike
1-1: Ball
2-1: Foul Ball, location: 2F
2-2: Strikes out swinging
Bottom of the 4th over - 1 run(s), 1 hit(s), 0 error(s), 1 left on base; Capital District 0 - Vancouver 1
TOP OF THE 5TH
Capital District Red Knights batting - Pitching for Vancouver Grey Wolves : RHP Michael Battle
Batting: RHB Daniel Lallanilla 0-0: Called Strike
0-1: Ball
1-1: Foul Ball, location: 2F
1-2: Ground out 5-3 (Groundball, 56)
Batting: LHB Stan Lewis 0-0: Ball
1-0: Ball
2-0: Ground out U3 (Groundball, 3L)
Batting: RHB Manny Carbajal 0-0: Ball
1-0: Called Strike
1-1: Ground out 5-3 (Groundball, 5S)
Top of the 5th over - 0 run(s), 0 hit(s), 0 error(s), 0 left on base; Capital District 0 - Vancouver 1
BOTTOM OF THE 5TH
Vancouver Grey Wolves batting - Pitching for Capital District Red Knights : RHP Héctor Alarcon
Batting: RHB John Huff 0-0: Ball
1-0: Swinging Strike
1-1: Foul Ball, location: 2F
1-2: Foul Ball, location: 2F
1-2: Ground out 5-3 (Groundball, 5S)
Batting: RHB Ramón Cabral 0-0: Called Strike
0-1: Foul Ball, location: 2F
0-2: Strikes out swinging
Batting: SHB Gregg Wagner 0-0: Ball
1-0: Ball
2-0: Ball
3-0: Base on Balls
Batting: SHB Todd Schenkel 0-0: Ball
1-0: Ball
2-0: Called Strike
2-1: Ball
3-1: Swinging Strike
3-2: Foul Ball, location: 2F
3-2: Foul Ball, location: 2F
3-2: Base on Balls
Gregg Wagner to second
Batting: LHB Timmy Appeldoorn 0-0: SINGLE (Line Drive, 4MD)
Gregg Wagner to third
Todd Schenkel to second
Runner from 3rd tries for Home, SAFE, no throw or cutoff
Batting: LHB David Hubbard 0-0: Ball
1-0: Ball
2-0: Ball
3-0: Base on Balls
Todd Schenkel to third
Timmy Appeldoorn to second
Batting: RHB Luis Muñóz 0-0: Ball
1-0: Foul Ball, location: 2F
1-1: Called Strike
1-2: Ball
2-2: GRAND SLAM HOME RUN (Flyball, 8RXD), Distance : 428 ft
Pitching: RHP Gary Jones
Batting: RHB Edmund Gallagher 0-0: Called Strike
0-1: SINGLE (Line Drive, 4M)
Batting: LHB Tony Reynolds 0-0: Foul Ball, location: 2F
0-1: Swinging Strike
0-2: Ball
1-2: Foul Ball, location: 2F
1-2: SINGLE (Groundball, 34D)
Edmund Gallagher to second
Runner from 2nd tries for 3rd, SAFE, no throw or cutoff
Batting: RHB John Huff 0-0: Ball
1-0: Called Strike
1-1: Foul Ball, location: 2F
1-2: Strikes out swinging
Bottom of the 5th over - 5 run(s), 4 hit(s), 0 error(s), 2 left on base; Capital District 0 - Vancouver 6
TOP OF THE 6TH
Capital District Red Knights batting - Pitching for Vancouver Grey Wolves : RHP Michael Battle
Batting: RHB Jorge Torrez 0-0: Ball
1-0: SINGLE (Flyball, 34D)
Batting: RHB Martin Young 0-0: Ball
1-0: SINGLE (Line Drive, 7LS)
Jorge Torrez to second
Batting: RHB Lane Rich 0-0: Ball
1-0: Swinging Strike
1-1: Ball
2-1: Called Strike
2-2: Foul Ball, location: 2F
2-2: Foul Ball, location: 2F
2-2: Ball
3-2: Base on Balls
Jorge Torrez to third
Martin Young to second
Batting: RHB Louis Henderson 0-0: Ball
1-0: GRAND SLAM HOME RUN (Flyball, 7LD), Distance : 332 ft
Batting: RHB Chang-bum Pak 0-0: Ball
1-0: Ball
2-0: Swinging Strike
2-1: Ball
3-1: Swinging Strike
3-2: Strikes out swinging
Batting: LHB Leonardo López 0-0: Ball
1-0: Swinging Strike
1-1: Ball
2-1: TRIPLE (Line Drive, 3D)
Batting: RHB Daniel Lallanilla 0-0: Called Strike
0-1: SINGLE (Line Drive, 6M)
Leonardo López scores
Batting: LHB Stan Lewis 0-0: Called Strike
0-1: Ball
1-1: Ball
2-1: Foul Ball, location: 2F
2-2: Ball
3-2: SINGLE (Flyball, 8LS)
Daniel Lallanilla to second
Batting: RHB Manny Carbajal 0-0: Foul Ball, location: 2F
0-1: Ball
1-1: Ball
2-1: Ground out 5-3 (Groundball, 5L)
Daniel Lallanilla to third
Stan Lewis to second
Batting: RHB Jorge Torrez 0-0: Fly out, F8 (Flyball, 8LM)
Top of the 6th over - 5 run(s), 6 hit(s), 0 error(s), 2 left on base; Capital District 5 - Vancouver 6
BOTTOM OF THE 6TH
Vancouver Grey Wolves batting - Pitching for Capital District Red Knights : RHP Gary Jones
Batting: RHB Ramón Cabral 0-0: Ball
1-0: Called Strike
1-1: Foul Ball, location: 2F
1-2: Ground out 6-3 (Groundball, 6M)
Batting: SHB Gregg Wagner 0-0: Called Strike
0-1: Ground out 4-3 (Groundball, 4)
Batting: SHB Todd Schenkel 0-0: Ball
1-0: Called Strike
1-1: Fly out, F7 (Flyball, 7M)
Bottom of the 6th over - 0 run(s), 0 hit(s), 0 error(s), 0 left on base; Capital District 5 - Vancouver 6
TOP OF THE 7TH
Capital District Red Knights batting - Pitching for Vancouver Grey Wolves : RHP Michael Battle
Batting: RHB Martin Young 0-0: Ball
1-0: Ground out 6-3 (Groundball, 6)
Batting: RHB Lane Rich 0-0: Ball
1-0: Ball
2-0: Called Strike
2-1: SINGLE (Line Drive, 7S)
Pitching: RHP Joshua Barnes
Pinch Hitting: RHB Dong-joon Ch'oe 0-0: Ball
1-0: Foul Ball, location: 2F
1-1: Ball
2-1: Foul Ball, location: 2F
2-2: Strikes out looking
Batting: RHB Chang-bum Pak 0-0: Foul Ball, location: 2F
0-1: SINGLE (Groundball, 34S)
Lane Rich to second
Runner from 2nd tries for 3rd, SAFE, throw made to third
Chang-bum Pak to second
Batting: LHB Leonardo López 0-0: Swinging Strike
0-1: Swinging Strike
0-2: Strikes out looking
Top of the 7th over - 0 run(s), 2 hit(s), 0 error(s), 2 left on base; Capital District 5 - Vancouver 6
BOTTOM OF THE 7TH
Vancouver Grey Wolves batting - Pitching for Capital District Red Knights : RHP Gary Jones
Now in RF: Dong-joon Ch'oe
Batting: LHB Timmy Appeldoorn 0-0: Ball
1-0: Called Strike
1-1: Fly out, F6 (Popup, 56D)
Batting: LHB David Hubbard 0-0: Called Strike
0-1: Swinging Strike
0-2: Fly out, F7 (Flyball, 7LM)
Batting: RHB Luis Muñóz 0-0: Ball
1-0: Called Strike
1-1: Foul Ball, location: 2F
1-2: Strikes out looking
Bottom of the 7th over - 0 run(s), 0 hit(s), 0 error(s), 0 left on base; Capital District 5 - Vancouver 6
TOP OF THE 8TH
Capital District Red Knights batting - Pitching for Vancouver Grey Wolves : RHP Joshua Barnes
Pitching: RHP Anthony Hanover
Batting: RHB Daniel Lallanilla 0-0: Called Strike
0-1: Fly out, F6 (Line Drive, 6MD)
Pitching: LHP Kevin Henderson
Batting: LHB Stan Lewis 0-0: Called Strike
0-1: Foul Ball, location: 2F
0-2: Ball
1-2: Foul Ball, location: 2F
1-2: Foul Ball, location: 2F
1-2: Strikes out swinging
Pitching: RHP Willie Cameron
Batting: RHB Manny Carbajal 0-0: Ball
1-0: Ground out 4-3 (Groundball, 4)
Top of the 8th over - 0 run(s), 0 hit(s), 0 error(s), 0 left on base; Capital District 5 - Vancouver 6
BOTTOM OF THE 8TH
Vancouver Grey Wolves batting - Pitching for Capital District Red Knights : RHP Gary Jones
Batting: RHB Edmund Gallagher 0-0: Swinging Strike
0-1: Swinging Strike
0-2: Strikes out swinging
Batting: LHB Tony Reynolds 0-0: Ball
1-0: Fly out, F7 (Line Drive, 78D)
Batting: RHB John Huff 0-0: Called Strike
0-1: Ball
1-1: Ball
2-1: Ball
3-1: Swinging Strike
3-2: Ground out 5-3 (Groundball, 5)
Bottom of the 8th over - 0 run(s), 0 hit(s), 0 error(s), 0 left on base; Capital District 5 - Vancouver 6
TOP OF THE 9TH
Capital District Red Knights batting - Pitching for Vancouver Grey Wolves : RHP Willie Cameron
Pitching: RHP Grant White
Pinch Hitting: LHB Dave Knight 0-0: Ball
1-0: Ball
2-0: Ball
3-0: Base on Balls
Batting: RHB Martin Young 0-0: Sac Bunt - play at first, batter OUT! 1-4
Dave Knight to second
Pinch Hitting: RHB Barry Dempsey 0-0: Ball
1-0: Foul Ball, location: 2F
1-1: Fly out, F8 (Flyball, 8LD)
Runner from 2nd tags up, SAFE at 3rd, no throw
Batting: RHB Dong-joon Ch'oe 0-0: Ball
1-0: Ball
2-0: Foul Ball, location: 2F
2-1: Ball
3-1: Fly out, F8 (Flyball, 78M)
Top of the 9th over - 0 run(s), 0 hit(s), 0 error(s), 1 left on base; Capital District 5 - Vancouver 6
This league is powered by Out of the Park Baseball, the baseball management simulation game for PC, Mac and Linux
Friday, January 22nd, 2016 - OOTP Baseball 16.9 Build 39